 Dungeon Crawl Stone Soup version 0.21.1-1-g345015fe64 (webtiles) character file.

31 PrinceOfStrings the Shooter (level 3, -2/28 HPs)
             Began as a Centaur Arcane Marksman on June 1, 2018.
             Slain by a hobgoblin (3 damage)
             ... on level 2 of the Dungeon.
             The game lasted 00:12:25 (1096 turns).

PrinceOfStrings the Shooter (CeAM)                  Turns: 1096, Time: 00:12:26

Health: -2/28      AC:  4    Str: 12    XL:     3   Next: 7%
Magic:  4/4        EV: 10    Int: 12    God:
Gold:   32         SH:  0    Dex: 10    Spells: 3/4 levels left

rFire    . . .     SeeInvis .   a - +0 shortbow
rCold    . . .     Gourm    .   (shield currently unavailable)
rNeg     . . .     Faith    .   e - +0 robe
rPois    .         Spirit   .   (no helmet)
rElec    .         Reflect  .   (no cloak)
rCorr    .         Harm     .   (no gloves)
MR       .....                  (no barding)
Stlth    +.........             (no amulet)
HPRegen  0.09/turn              (no ring)
MPRegen  0.09/turn              (no ring)

@: very quick
A: large, hooves 3, deformed body, speed 2, tough skin 3
a: no special abilities


You were on level 2 of the Dungeon.
You were not hungry.

You visited 1 branch of the dungeon, and saw 2 of its levels.

You collected 32 gold pieces.

Inventory:

Hand Weapons
 a - a +0 shortbow (weapon)
 b - a +0 whip
Missiles
 d - 4 arrows (quivered)
 m - 21 bolts
 n - 12 sling bullets
Armour
 e - a +0 robe (worn)
 h - a +0 ring mail
 j - a +0 pair of boots
Jewellery
 r - an uncursed ring of positive energy {unknown}
Scrolls
 l - a scroll of identify {unknown}
 o - a scroll of remove curse {unknown}
 p - a scroll of enchant armour {unknown}
 q - a scroll of teleportation {unknown}
Potions
 g - 2 potions of curing {unknown}
 k - a potion of magic {unknown}
 s - 2 potions of ambrosia {unknown}
Books
 c - a book of Debilitation

   Spells                             Type                      Level
   a - Corona                         Hexes                        1
   b - Slow                           Hexes                        2
   c - Inner Flame                    Hexes/Fire                   3
   d - Portal Projectile              Hexes/Translocation          3
   e - Cause Fear                     Hexes                        4
   f - Leda's Liquefaction            Hexes/Earth                  4
Comestibles
 f - 4 rations
 i - a chunk of flesh


   Skills:
 + Level 1.0 Fighting
 + Level 4.0 Bows
 + Level 1.4 Dodging
 - Level 0.3 Stealth
 + Level 1.1 Spellcasting
 + Level 3.0 Hexes


You had 3 spell levels left.
You knew the following spells:

 Your Spells              Type           Power        Failure   Level  Hunger
a - Corona                Hex            #......      9%          1    ##.....


Dungeon Overview and Level Annotations

Branches:
Dungeon (2/15)

Altars:
Okawaru

Annotations:
D:2 Robin


Innate Abilities, Weirdness & Mutations

You have hooves in place of feet.
Armour fits poorly on your strangely shaped body.
You cover ground very quickly.
You have extremely tough skin. (AC +3)


Message History

* * * LOW HITPOINT WARNING * * *
The giant cockroach bites you but does no damage.
The goblin hits you but does no damage.
Firing (i - inventory):
d - 6 arrows (quivered)
Press: ? - help, Shift-Dir - straight line, f/p - goblin
Aim: a goblin, wielding a dagger You shoot an arrow.
The arrow hits the goblin.
The goblin is severely wounded.
The leopard gecko barely misses you. The giant cockroach closely misses you.
The hobgoblin barely misses you. The goblin hits you but does no damage.
Firing (i - inventory):
d - 5 arrows (quivered)
Press: ? - help, Shift-Dir - straight line, f/p - goblin
Aim: a goblin, wielding a dagger (severely wounded)
You shoot an arrow. The arrow completely misses the goblin.
The arrow closely misses the hobgoblin.
The arrow misses the goblin.
You hear an angry hiss.
The leopard gecko bites you.
* * * LOW HITPOINT WARNING * * *
The giant cockroach barely misses you. The hobgoblin hits you.
You die...

♣.♣..g.
♣.♣....######.
♣.$..<.......
♣...#S.######.
... ..g## .
....gg# #.####g#
# #g# ####@#### #
#..slg..#
##.#...K...######
......$.......K..
##.#...(...####.#
.. #...<...# #
#.......#
#...(...#
....####.#


You could see an adder, a leopard gecko, a giant cockroach, 2 hobgoblins, 4
goblins and a kobold.

Vanquished Creatures
  A dart slug (D:1)
  A leopard gecko (D:1)
  A bat (D:1)
  4 goblins
  5 hobgoblins
  3 jackals (D:1)
  3 kobolds (D:1)
  A quokka (D:2)
  A ball python (D:1)
  6 frilled lizards (D:1)
26 creatures vanquished.

Notes
Turn   | Place    | Note
-------+----------+-------------------------------------------
     0 | D:1      | PrinceOfStrings the Centaur Arcane Marksman began the quest for the Orb.
     0 | D:1      | Reached XP level 1. HP: 16/16 MP: 2/2
   291 | D:1      | Reached skill level 3 in Bows
   378 | D:1      | Reached XP level 2. HP: 23/23 MP: 1/3
  1050 | D:2      | Found an iron altar of Okawaru.
  1050 | D:2      | Noticed Robin
  1088 | D:2      | Reached skill level 4 in Bows
  1088 | D:2      | Reached XP level 3. HP: 18/28 MP: 4/4
  1096 | D:2      | HP: 1/28 [leopard gecko (3)]
  1096 | D:2      | Slain by a hobgoblin

Skill      XL: |  1  2 |
---------------+-------+-----
Bows           | 3 4 |  4.0
Hexes          | 3 |  3.0
Fighting       | |  1.0
Dodging        | |  1.4
Stealth        | |  0.3
Spellcasting   | |  1.1

Action                   || total
-------------------------++-------
 Fire: Shortbow          ||    68
 Cast: Corona            ||    10
Armor: Robe              ||    27
Dodge: Dodged            ||    45
